 Dungeon Sprint DCSS version 0.17-a0-1435-geafbe2f (webtiles) character file.

1544 emikaela the Grappler (level 8, -4/80 HPs)
             Began as a Troll Berserker on June 26, 2015.
             Was a Priest of Trog.
             Shot with an arrow by a centaur warrior (23 damage)
             ... in the Dungeon (Sprint I: "Red Sonja").
             The game lasted 00:04:45 (548 turns).

emikaela the Grappler (Troll Berserker)              Turns: 548, Time: 00:04:45

Health: -4/80      AC:  7    Str: 26    XL:     8   Next: 56%
Magic:  7/7        EV: 13    Int:  7    God:    Trog [***...]
Gold:   252        SH:  0    Dex: 11    Spells: 0 memorised, 7 levels left

rFire  . . .     SeeInvis .       - Unarmed
rCold  . . .     Clarity  .     r - +2 robe of Fuotiuk {rN+ Int+4 Slay+3}
rNeg   + . .     SustAt   .     (no shield)
rPois  .         Gourm    +     (helmet restricted)
rElec  .         Spirit   .     (no cloak)
rCorr  .         Warding  .     (gloves unavailable)
rMut   .         NoTele   +     (boots unavailable)
MR     .....                    (no amulet)
Stlth  +.........               (no ring)
                                (no ring)

@: not resistant to hostile enchantments, very unstealthy
A: unfitting armour, claws 3, fast metabolism 3, frail 1, gourmand, regeneration
2, shaggy fur 1, tough skin 2
a: Burn Spellbooks, Berserk, Trog's Hand, Renounce Religion


You were in the Dungeon.
You worshipped Trog.
Trog was most pleased with you.
You were not hungry.

You visited 1 branch You collected 723 gold pieces.
You spent 471 gold pieces at shops.

Inventory:

Hand weapons
 l - a +0 blowgun
Missiles
 k - 8 curare-tipped needles
 p - 8 arrows of flame
 q - 7 needles of confusion
Armour
 a - a +0 animal skin
 r - the +2 robe of Fuotiuk (worn) {rN+ Int+4 Slay+3}
   (You bought it in a shop in the Dungeon)

   It affects your intelligence (+4).
   It affects your accuracy and damage with ranged weapons and melee attacks
   (+3).
   It protects you from negative energy.
Magical devices
 i - a wand of digging (14)
 n - a wand of magic darts (33)
Scrolls
 h - a scroll of blinking
Potions
 c - 5 potions of curing
 d - a potion of heal wounds
 e - a potion of haste
 f - 2 potions of magic
 g - a potion of berserk rage
 o - a potion of mutation {unknown}
Comestibles
 b - 2 bread rations
 j - 2 beef jerkies
 m - a fruit


   Skills:
 + Level 8.4 Fighting
 + Level 3.4 Throwing
 + Level 8.4 Dodging
 + Level 13.2 Unarmed Combat


You had 7 spell levels left.
You didn't know any spells.

Dungeon Overview and Level Annotations

Branches:
Dungeon (1/1)

Altars:
Elyvilon
Gozag
Kikubaaqudgha
Makhleb
Nemelex Xobeh
Okawaru
Qazlal
Ru
Sif Muna
Trog
Vehumet
Xom
Yredelemnul
Zin
The Shining One

Shops:
D (%[


Innate Abilities, Weirdness & Mutations

You are too large for most types of armour.
You have claws for hands.
Your metabolism is lightning-fast.
You like to eat raw meat.
You heal very quickly.
You are covered in fur (AC +1).
You have very tough skin (AC +2).
You are frail (-10% HP).


Message History

The centaur warrior wields a glowing shortbow.
The centaur warrior shoots an arrow.
The arrow hits you.
You hear a splash.
The centaur warrior shoots an arrow.
The arrow hits you!
You hear a splash.
You see here 3 arrows.
The centaur warrior unwields an uncursed shortbow of velocity.
The centaur warrior hits you.
The centaur warrior unwields an uncursed longbow.
The centaur warrior hits you but does no damage. x2
You don't know any spells.
You enter the shallow water.
Moving in this stuff is going to be slow.
The centaur warrior wields an uncursed longbow.
The centaur warrior shoots an arrow.
The arrow hits you!
* * * LOW HITPOINT WARNING * * *
The centaur warrior wields an uncursed shortbow of velocity.
The centaur warrior shoots an arrow.
The arrow completely misses you.
The centaur warrior shoots an arrow.
The arrow hits you!!
You die...

##############
.#..').#..'..#
.'..#..').#..+
.#####'#####'# ####
.####..#...#.####§(#
.#__####..##[#§§§§§#
.#_..__##'#..+§§§c§+
⌠#_.∩...'..._#§§@§c#
##_..._##_.#'##§####
#_____###'#.#§[..###
##########)####'###.##
........'..÷'.....'.∩#
#++++####...##########
.G... ###.### .....
#.#'#.# .#..G #.....#


You could see 2 centaur warriors.

Vanquished Creatures
  Sonja (D)
  A deep troll (D)
  Sigmund (D)
  A yak (D)
  An ogre (D)
  A jelly (D)
  Ijyb (D)
  A giant spore (D)
  5 ballistomycetes (D)
13 creatures vanquished.

Vanquished Creatures (others)
  A giant spore (D)
1 creature vanquished.

Grand Total: 14 creatures vanquished

Notes
Turn   | Place    | Note
--------------------------------------------------------------
     0 | D        | emikaela the Troll Berserker began the quest for the Orb.
     0 | D        | Reached XP level 1. HP: 22/22 MP: 0/0
     1 | D        | Noticed Ijyb
    11 | D        | Killed Ijyb
    11 | D        | Reached skill level 6 in Unarmed Combat
    11 | D        | Reached XP level 2. HP: 26/29 MP: 1/1
    20 | D        | Noticed an ogre
    26 | D        | Killed an ogre
    26 | D        | Reached skill level 9 in Unarmed Combat
    26 | D        | Reached XP level 3. HP: 9/36 MP: 2/2
    26 | D        | Reached XP level 4. HP: 11/44 MP: 3/3
    87 | D        | Noticed Sigmund
    93 | D        | Killed Sigmund
    93 | D        | Acquired Trog's second power
    93 | D        | Reached skill level 10 in Unarmed Combat
    93 | D        | Reached XP level 5. HP: 49/55 MP: 4/4
    93 | D        | Reached XP level 6. HP: 56/63 MP: 5/5
   136 | D        | Found a deep blue altar of Sif Muna.
   137 | D        | Noticed a jelly
   138 | D        | Found a radiant altar of Vehumet.
   141 | D        | Killed a jelly
   141 | D        | Reached skill level 11 in Unarmed Combat
   163 | D        | Found Ripluc's Food Emporium.
   163 | D        | Found a white marble altar of Elyvilon.
   163 | D        | Found a stormy altar of Qazlal.
   163 | D        | Found a basalt altar of Yredelemnul.
   163 | D        | Found an iron altar of Okawaru.
   163 | D        | Found a sparkling altar of Nemelex Xobeh.
   163 | D        | Found a shimmering altar of Xom.
   163 | D        | Found an ancient bone altar of Kikubaaqudgha.
   163 | D        | Noticed a yak
   164 | D        | Found a burning altar of Makhleb.
   164 | D        | Found a sacrificial altar of Ru.
   164 | D        | Found a glowing golden altar of the Shining One.
   164 | D        | Found an opulent altar of Gozag.
   164 | D        | Found a glowing silver altar of Zin.
   174 | D        | Killed a yak
   174 | D        | Reached skill level 5 in Fighting
   174 | D        | Reached skill level 5 in Dodging
   175 | D        | Found a bloodstained altar of Trog.
   198 | D        | Noticed Sonja
   202 | D        | Killed Sonja
   202 | D        | Reached skill level 12 in Unarmed Combat
   202 | D        | Reached XP level 7. HP: 58/78 MP: 6/6
   202 | D        | Reached XP level 8. HP: 64/87 MP: 7/7
   289 | D        | Noticed a centaur warrior
   289 | D        | Noticed a centaur warrior
   301 | D        | Found Fif Muec's Weapon Boutique.
   417 | D        | Noticed a deep troll
   427 | D        | Killed a deep troll
   427 | D        | Reached skill level 13 in Unarmed Combat
   479 | D        | Found Miahoph's Armour Emporium.
   486 | D        | Bought the +2 robe of Fuotiuk {rN+ Int+4 Slay+3} for 471 gold pieces
   523 | D        | Noticed a shining eye
   523 | D        | Noticed a shining eye
   523 | D        | Noticed a shining eye
   523 | D        | Gained mutation: You are frail (-10% HP). [a shining eye]
   548 | D        | Shot with an arrow by a centaur warrior

Vault maps used:
D:        dungeon_sprint_1

Action                   |  1- 3 |  4- 6 |  7- 9 || total
-------------------------+-------+-------+-------++-------
Melee: Unarmed           |    14 |    18 |    18 ||    50
Invok: Berserk           |       |     2 |     1 ||     3
       Trog's Hand       |       |       |     1 ||     1
  Eat: Chunk             |       |     3 |     6 ||     9
